AoeStats
← Chanos

Oasis

509342468Analyzed
4v4 RM · 7d ago on Sep 26, 2026· 45m 30s· 8 players
Game mode
Random Map
Map size
Large (8 player)
Population
200
Speed
Normal
Resources
Standard
Victory
Conquest
Starting age
Dark Age
Ending age
Imperial Age
RankedLock teamsTeams togetherTeam positionsShared explorationLock speedFull tech treeHidden civsTurbo modeCheats
Victory
Defeat
🇨🇳 Cumans · China
1180
+9
🇪🇸 Byzantines · Spain
1094
+12
🇨🇭 Mongols · Switzerland
1067
+14
🇫🇮 Danes · Finland
1057
+14
🇫🇷 Varangians · France
1068
-14
🇫🇷 Ethiopians · France
1049
-13
🇫🇷 Maya · France
1033
-13
🇫🇷 Vietnamese · France
921
-9
John Kalztan
7:37 Loom
10:30 Feudal Age
11:40 Double-Bit Axe
11:38 Horse Collar
16:40 Gold Mining
17:22 Fletching
22:03 Castle Age
20:15 Stone Mining
24:07 Bow Saw
24:44 Padded Archer Armor
24:40 Bodkin Arrow
26:25 Fortified Wall
28:06 Heavy Plow
31:41 Imperial Age
31:50 Imperial Age
31:42 Leather Archer Armor
30:50 Elite Skirmisher
31:52 Thumb Ring
34:09 Ballistics
34:59 Conscription
37:23 Chemistry
38:16 Bracer
38:47 Ring Archer Armor
41:33 Two-Man Saw
41:07 Crop Rotation
42:47 Squires
42:33 Gambesons
42:57 Scale Barding Armor
43:03 Forging
43:34 Gold Shaft Mining
43:36 Stone Shaft Mining
44:35 Caravan
43:57 Elite Cataphract
Faceless
2:08 Loom
2:39 Loom
10:53 Feudal Age
11:17 Feudal Age
16:52 Castle Age
15:29 Horse Collar
15:47 Double-Bit Axe
17:27 Wheelbarrow
17:31 Arson
18:01 Scale Mail Armor
21:50 Forging
22:05 Squires
26:12 Squires
29:01 Iron Casting
28:42 Chain Mail Armor
29:59 Pikeman
31:01 Hamask
32:12 Heavy Plow
34:04 Gambesons
34:05 Elite Skirmisher
38:13 Imperial Age
36:07 Hand Cart
38:17 Fletching
38:28 Padded Archer Armor
39:04 Bodkin Arrow
39:18 Siege Engineers
40:14 Chemistry
39:34 Ballistics
39:25 Masonry
39:38 Conscription
38:40 Northmen's Fury
38:42 Hamask
39:53 Heavy Scorpion
40:56 Gold Mining
40:56 Stone Mining
41:54 Hoardings
41:25 Bracer
41:40 Leather Archer Armor
42:04 Bow Saw
42:18 Masonry
41:47 Halberdier
43:22 Plate Mail Armor
43:52 Blast Furnace
44:35 Ring Archer Armor
Salmanassar V
9:38 Feudal Age
9:17 Loom
14:43 Castle Age
13:04 Double-Bit Axe
13:02 Horse Collar
20:24 Heavy Plow
22:52 Wheelbarrow
23:11 Gold Mining
25:50 Gold Shaft Mining
25:30 Hand Cart
29:15 Imperial Age
26:44 Stone Mining
27:11 Bow Saw
27:57 Ballistics
27:31 Fletching
27:42 Padded Archer Armor
27:48 Scale Barding Armor
29:55 Bodkin Arrow
30:16 Leather Archer Armor
30:22 Chain Barding Armor
30:12 Forging
30:28 Conscription
30:52 Parthian Tactics
30:33 Thumb Ring
31:12 Bloodlines
31:02 Husbandry
30:23 Light Cavalry
31:19 Bracer
33:56 Chemistry
32:25 Hussar
34:24 Iron Casting
36:21 Blast Furnace
36:36 Elite Mangudai
37:48 Caravan
39:17 Nomads
彭大帅
7:23 Loom
9:39 Feudal Age
20:42 Castle Age
18:34 Double-Bit Axe
18:29 Horse Collar
18:44 Gold Mining
22:02 Bloodlines
26:00 Forging
27:28 Scale Barding Armor
30:31 Chain Barding Armor
32:32 Bow Saw
36:29 Imperial Age
34:35 Wheelbarrow
33:46 Town Watch
36:08 Heavy Plow
37:07 Gold Shaft Mining
37:12 Iron Casting
37:33 Cavalier
38:49 Plate Barding Armor
39:15 Blast Furnace
39:40 Hand Cart
40:33 Two-Man Saw
41:46 Crop Rotation
41:27 Paladin
45:18 Conscription
Actiweed1
0:28 Loom
12:15 Feudal Age
13:47 Wheelbarrow
13:33 Horse Collar
13:43 Double-Bit Axe
19:40 Castle Age
20:53 Crossbowman
22:26 Padded Archer Armor
22:45 Fletching
23:58 Bodkin Arrow
27:47 Ballistics
27:52 Forging
29:08 Squires
29:14 Pikeman
31:08 Scale Mail Armor
31:20 Arson
32:43 Leather Archer Armor
33:03 Bow Saw
32:59 Heavy Plow
32:52 Town Watch
34:04 Hand Cart
35:01 Thumb Ring
35:11 Gold Mining
35:11 Stone Mining
41:06 Imperial Age
39:23 Iron Casting
39:03 Chain Mail Armor
40:24 Chain Mail Armor
41:12 Arbalester
42:33 Crop Rotation
43:14 Two-Man Saw
43:04 Halberdier
44:26 Fortified Wall
45:04 Elite Skirmisher
Chanos
0:33 Loom
11:02 Feudal Age
24:33 Castle Age
32:16 Castle Age
39:28 Wheelbarrow
SaVaGe
8:33 Loom
10:44 Feudal Age
13:20 Double-Bit Axe
13:17 Horse Collar
16:50 Castle Age
19:30 Gold Mining
19:56 Bow Saw
20:03 Bloodlines
19:54 Husbandry
22:32 Scale Barding Armor
22:38 Forging
26:06 Heavy Plow
26:54 Scale Mail Armor
27:42 Squires
31:29 Stone Mining
34:32 Wheelbarrow
38:19 Imperial Age
36:08 Hand Cart
35:40 Town Watch
38:58 Chain Mail Armor
39:19 Iron Casting
39:11 Chain Barding Armor
39:07 Light Cavalry
40:29 Plate Mail Armor
39:29 Elite Varangian Guard
39:57 Arson
40:45 Hussar
43:14 Hussar
43:23 Elite Skirmisher
44:00 Fletching
45:10 Blast Furnace
44:46 Plate Barding Armor
44:16 Padded Archer Armor
Snake34
4:11 Loom
10:28 Feudal Age
11:48 Double-Bit Axe
16:12 Fletching
16:22 Padded Archer Armor
22:32 Castle Age
22:06 Horse Collar
22:44 Crossbowman
23:30 Thumb Ring
23:23 Bodkin Arrow
23:43 Leather Archer Armor
28:44 Wheelbarrow
29:06 Ballistics
34:03 Imperial Age
32:54 Hand Cart
33:28 Fortified Wall
34:17 Arbalester
37:28 Conscription
39:15 Chemistry
38:17 Bracer
39:02 Onager
Connection lost

Rejoining the realm…

Still unreachable

The connection could not be restored.

Session expired

The server has moved on; the page needs a fresh start.